 Dungeon Crawl Stone Soup version 0.27-a0-1456-gf5a116941d (webtiles) character file.

Game seed: 7116205284471915351

126 avis the Insei (level 5, -1/33 HPs)
             Began as an Octopode Transmuter on July 5, 2021.
             Killed from afar by Natasha (5 damage)
             ... with a magic dart
             ... on level 3 of the Dungeon on July 6, 2021.
             The game lasted 00:19:06 (2732 turns).

avis the Insei (Octopode Transmuter)                Turns: 2732, Time: 00:19:06

Health: -1/33      AC:  2    Str:  9 (10) XL:     5   Next: 10%
Magic:  5/8        EV: 19    Int: 13 (15) God:
Gold:   95         SH:  0    Dex: 15 (18) Spells: 4/8 levels left

rFire    . . .     SeeInvis .     - Unarmed
rCold    . . .     Faith    .   (shield currently unavailable)
rNeg     . . .     Spirit   .   (helmet currently unavailable)
rPois    x         Reflect  .   (no amulet)
rElec    .         Harm     .   (no ring)
rCorr    .         Rampage  .   (no ring)
Will     .....                  (no ring)
Stlth    ++........             (no ring)
HPRegen  0.11/turn              (no ring)
MPRegen  0.11/turn              (no ring)
                                (no ring)
                                (no ring)

@: spider-form
A: venomous fangs, almost no armour, (amphibious), 8 rings, tiny, (camouflage
1), (gelatinous body 1), (nimble swimmer 1), (tentacles)
a: End Transformation


You were on level 3 of the Dungeon.
You were a venomous arachnid creature.
You visited 1 branch of the dungeon, and saw 3 of its levels.

You collected 95 gold pieces.

Inventory:

Hand Weapons
 a - a +2 dagger of venom (melded)
 b - a +0 hunting sling
 n - a +0 whip
Missiles
 d - 21 sling bullets
 e - 7 boomerangs (quivered)
 f - 28 stones
Jewellery
 g - a +6 ring of dexterity
 h - an amulet of faith
Wands
 o - a wand of polymorph (14)
Scrolls
 c - a scroll of enchant armour {unknown}
 j - a scroll of immolation {unknown}
 m - a scroll of vulnerability {unknown}
Potions
 i - a potion of degeneration
 k - a potion of lignification {unknown}
 l - a potion of curing {unknown}


   Skills:
 - Level 1.0 Fighting
 - Level 2.0 Dodging
 - Level 1.0 Stealth
 * Level 4.9 Unarmed Combat
 - Level 2.0 Spellcasting
 - Level 3.0 Transmutations
 - Level 1.0 Poison Magic


You had 4 spell levels left.
You knew the following spells:

 Your Spells              Type           Power      Damage    Failure   Level
a - Beastly Appendage     Tmut           18%        N/A       21%         1
p - Spider Form           Tmut/Pois      3%         N/A       54%         3

Your spell library contained the following spells:

 Spells                   Type           Power      Damage    Failure   Level
 Wereblood                Tmut           9%         N/A       26%         2
 Dazzling Flash           Conj/Hex       2%         N/A       78%         3
 Ice Form                 Ice/Tmut       5%         N/A       92%         4
 Iskenderun's Mystic Bla  Conj/Tloc      1%         2d3       98%         4
 Starburst                Conj/Fire      0%         8x6d3     100%        6


Dungeon Overview and Level Annotations

Branches:
Dungeon (3/15)

Altars:
Okawaru

Annotations:
D:3 Natasha


Innate Abilities, Weirdness & Mutations

You are a venomous arachnid creature.
You have poisonous fangs.
You are tiny and dextrous.
Your spellcasting is less reliable in this form.
Your armour is entirely melded.
You are incapable of wielding weapons or throwing items.
You cannot wear most types of armour.
((You are amphibious.))
You can wear up to eight rings at the same time.
((Your skin changes colour to match your surroundings (Stealth+).))
((Your rubbery body absorbs attacks. (AC +1, EV +1)))
((You are camouflaged near water. (Stealth+)))
((You have tentacles for arms and can constrict up to eight enemies at once.))


Message History

You feel sick. The adder barely misses you.
You feel sick.
You kill the adder!
You feel sick.
You are no longer poisoned.
You see here an adder corpse.
Items here: )))) [[ ††††††.
Okay, then.
You start resting.
Natasha is nearby!
A goblin comes into view. It is wielding a +0 dagger.
Natasha hisses angrily.
Items here: )))) [[ ††††††.
Casting: Beastly Appendage (safe; 6% risk of failure)
Confirm with . or Enter, or press ? or * to list all spells.
The spell is quite dangerous to cast (28% risk of failure)!
Continue anyway?
You turn into a venomous arachnid creature.
Your +2 dagger of venom melds into your body.
Your +2 dagger of venom stops dripping with poison.
The goblin shouts!
You hear a shout! x2
You hit Natasha.
Natasha is poisoned.
Natasha is moderately wounded.
Natasha claws you.
* * * LOW HITPOINT WARNING * * *
It was a potion of degeneration.
There was something very wrong with that liquid.
You feel weakened.
You feel dopey.
You feel clumsy. Natasha completely misses you.
The goblin completely misses you.
You barely miss Natasha.
Natasha is moderately wounded.
Natasha misses you.
You hit Natasha.
Natasha is severely wounded.
Natasha closely misses you.
You hit Natasha but do no damage.
Natasha looks as sick as possible!
Natasha is almost dead.
Natasha stares at you and mumbles some strange words.
The magic dart hits you.
You die...

#....................
#..####.######...####
###...# #..# ##.#....
!#.##.^...# ##.##
#.#.... .......<.# #..#
#.#....
.........######.# .# ..
.........#g).†..# .# ..
.........#h####.....#.#
.........#s# ..###.#
.........#.# ##.#
...h.......# ...
........)!....._..
.......##.##...#
..g.... .###.## .......
.# ....... .. ...$...
##


You could see Natasha (extremely poisoned) and a goblin.

Vanquished Creatures
  Robin (D:3)
  6 adders
  2 dart slugs
  5 ball pythons
  2 endoplasms (D:1)
  3 giant cockroaches
  5 goblins
  9 hobgoblins
  3 quokkas
  6 bats
  2 frilled lizards (D:1)
  6 kobolds
  7 rats
57 creatures vanquished.

Notes
Turn   | Place    | Note
-------+----------+-------------------------------------------
     0 | D:1      | avis the Octopode Transmuter began the quest for the Orb.
     0 | D:1      | Reached XP level 1. HP: 13/13 MP: 3/3
    39 | D:1      | Reached skill level 1 in Stealth
   212 | D:1      | Reached XP level 2. HP: 11/18 MP: 3/5
  1023 | D:1      | Reached skill level 4 in Unarmed Combat
  1023 | D:1      | Reached XP level 3. HP: 23/23 MP: 4/6
  1040 | D:1      | Learned a level 3 spell: Spider Form
  1298 | D:2      | Reached skill level 1 in Poison Magic
  1674 | D:2      | Reached XP level 4. HP: 25/28 MP: 7/7
  1936 | D:2      | Found a faded altar of an unknown god.
  2511 | D:3      | Noticed Natasha
  2587 | D:3      | Found an iron altar of Okawaru.
  2632 | D:3      | Noticed Robin
  2669 | D:3      | Killed Robin
  2694 | D:3      | Reached XP level 5. HP: 20/33 MP: 6/8
  2732 | D:3      | Killed from afar by Natasha

Illustrated notes

Levels and vault maps discovered:
D:1:      minmay_arrival_arboretum_small, layout_loops_corners,
          serial_bayou_ford_a, hex_medium, chequers_hall_statues_corner_a
D:2:      layout_rooms, chequers_ecumenical_altar_simple_redux
D:3:      layout_basic, nicolae_overflow_crystal_walls, interstate_on_off,
          uniq_jessica, uniq_robin, uniq_natasha, uniq_terence

Skill      XL: |  1  2  3  4 |
---------------+-------------+-----
Stealth        | 1 |  1.0
Unarmed Combat | 4 |  4.9
Poison Magic   | 1 |  1.0
Transmutations | 3 |  3.0
Fighting       | |  1.0
Dodging        | |  2.0
Spellcasting   | |  2.0

Action                   |  1- 3 |  4- 6 || total
-------------------------+-------+-------++-------
Melee: Whip              |    23 |       ||    23
       Tentacles         |     9 |     9 ||    18
       Kick              |     9 |    15 ||    24
       Constrict         |    11 |    16 ||    27
       Short sword       |    17 |    25 ||    42
       Dagger            |       |    34 ||    34
       Unarmed           |       |     6 ||     6
       Punch             |       |     1 ||     1
 Fire: Hunting sling     |    17 |       ||    17
Throw: Boomerang         |     8 |       ||     8
 Cast: Beastly Appendage |    16 |    16 ||    32
       Spider Form       |       |     2 ||     2
  Use: Potion            |       |     1 ||     1
 Stab: Sleeping          |     3 |     1 ||     4
Armor: Skin              |     3 |     2 ||     5
Dodge: Dodged            |    25 |    31 ||    56

Table legend: (Time is in decaauts)
 A = Elapsed time spent in this place.
 B = Non-inter-level travel time spent in this place.
 C = Inter-level travel time spent in this place.
 D = Time resting spent in this place.
 E = Time spent auto-exploring this place.
 F = Levels seen in this place.
 G = Mean time per level.
                   A        B        C        D        E       F      G
               +--------+--------+--------+--------+--------+-----+--------+
         Total |   2738 |   2595 |    143 |    799 |   1171 |   3 |  912.7 |
       Dungeon |   2738 |   2595 |    143 |    799 |   1171 |   3 |  912.7 |
               +--------+--------+--------+--------+--------+-----+--------+

Top non-repeatable levels by time:
     D:1: 1295 daAuts
     D:2: 1226 daAuts
     D:3: 216 daAuts
